 Dungeon Crawl Stone Soup version 0.31.0-7-gf635a9b802 (webtiles) character file.

Game seed: 17213326620679099782

199 inmateoo the Chopper (level 5, -1/47 HPs)
             Began as a Minotaur Fighter on Jan 23, 2024.
             Slain by a kobold brigand
             ... wielding a +0 whip
              (5 damage)
             ... in a sewer.
             The game lasted 00:01:03 (1843 turns).

inmateoo the Chopper (Minotaur Fighter)             Turns: 1843, Time: 00:01:03

Health: -1/47      AC:  8    Str: 20    XL:     5   Next: 48%
Magic:  4/4        EV: 10    Int:  5    God:
Gold:   135        SH:  5    Dex: 12    Spells: 4/4 levels left

rFire   . . .        a - +0 war axe
rCold   . . .        c - +0 buckler
rNeg    . . .        b - +0 scale mail
rPois   .            (helmet restricted)
rElec   .            (no cloak)
rCorr   .            (no gloves)
SInv    .            s - +0 pair of boots
Will    .....        (no amulet) Stlth
                     (no ring)
HPRegen 0.27/turn    (no ring)
MPRegen 0.09/turn

%: no passive effects
@: very slow
A: horns 2, retaliatory headbutt
a: no special abilities


You were in a sewer.
You visited 1 branch of the dungeon, and saw 3 of its levels.
You also visited: Sewer.

You collected 135 gold pieces.

Inventory:

Hand Weapons
 a - a +0 war axe (weapon)
Armour
 b - a +0 scale mail (worn)
 c - a +0 buckler (worn)
 s - a +0 pair of boots (worn)
Jewellery
 j - a ring of fire
Wands
 r - a wand of flame (17)
Scrolls
 e - a scroll of blinking {unknown}
 g - a scroll of identify {unknown}
 h - 3 scrolls of teleportation {unknown}
 k - a scroll of silence {unknown}
 m - a scroll of enchant weapon {unknown}
 n - 2 scrolls of fog {unknown}
 o - a scroll of immolation {unknown}
 q - a scroll of amnesia {unknown}
 u - a scroll of summoning {unknown}
Potions
 d - a potion of might
 f - 2 potions of brilliance {unknown}
 i - a potion of attraction {unknown}
 l - a potion of mutation {unknown}
 p - 2 potions of enlightenment {unknown}
 t - a potion of heal wounds {unknown}


   Skills:
 + Level 4.5 Fighting
 * Level 4.6 Axes
 + Level 4.3 Armour
 + Level 2.1 Dodging
 + Level 4.4 Shields


You had 4 spell levels left.
You didn't know any spells.
Your spell library contained the following spells:

 Spells                   Type           Power      Damage    Failure   Level
 Slow                     Hex            0%         N/A       88%         1
 Ensorcelled Hibernation  Hex/Ice        0%         N/A       95%         2
 Confusing Touch          Hex            0%         N/A       99%         3
 Passwall                 Erth           0%         N/A       99%         3
 Sigil of Binding         Hex            0%         N/A       99%         3
 Swiftness                Air            0%         N/A       99%         3
 Vampiric Draining        Necr           0%         2d6       99%         3


Dungeon Overview and Level Annotations

Branches:
Dungeon (3/15)              Sewer (1/1)

Altars:
Uskayaw


Innate Abilities, Weirdness & Mutations

You have a pair of horns on your head.
You reflexively headbutt those who attack you in melee.


Message History

You hit the kobold brigand.
The kobold brigand is lightly wounded.
You feel sick.
The kobold brigand hits you with a +0 whip.
The kobold brigand splashes around in the water.
Your unstable footing causes you to fumble your attack.
You feel sick.
You are no longer poisoned.
You block the kobold brigand's attack.
The kobold brigand splashes around in the water.
Your unstable footing causes you to fumble your attack.
The kobold brigand barely misses you.
You hit the kobold brigand but do no damage.
The kobold brigand is lightly wounded.
The kobold brigand hits you with a +0 whip.
The kobold brigand hits you but does no damage.
You barely miss the kobold brigand.
Your headbutt misses the kobold brigand.
The kobold brigand is lightly wounded.
The kobold brigand barely misses you. You block the kobold brigand's attack.
You hit the kobold brigand. You headbutt the kobold brigand.
The kobold brigand is moderately wounded.
You feel yourself speed up.
The kobold brigand hits you with a +0 whip.
The kobold brigand barely misses you.
You are too injured to fight recklessly!
You slash the kobold brigand!
The kobold brigand is heavily wounded.
The kobold brigand hits you with a +0 whip.
You are too injured to fight recklessly!
Your unstable footing causes you to fumble your attack.
The kobold brigand hits you with a +0 whip!
* * * LOW HITPOINT WARNING * * *
The kobold brigand hits you with a +0 whip!
* * * LOW HITPOINT WARNING * * *
You are too injured to fight recklessly!
You hit the kobold brigand.
The kobold brigand is severely wounded.
The kobold brigand hits you with a +0 whip.
You die...

###### ##
#.#.#. .#
#~#~#~ ~#
#~#~#~ ~#
#~#~#~#K#
#~~~#~@~#
##~###~##
#~# #~#
#.###~#
#.~~.~#
##.~.##
#~~.#
#.~~#
#.~.## #.


You could see a kobold brigand.

Vanquished Creatures
  Jessica (D:3)
  Natasha (thrice) (D:2)
  3 gnolls (D:3)
  An adder (D:2)
  2 dart slugs
  2 ribbon worms (D:3)
  8 bats
  5 endoplasms
  2 giant cockroaches (D:3)
  4 goblins
  6 hobgoblins
  A quokka (D:1)
  3 ball pythons
  7 kobolds
  8 rats
56 creatures vanquished.

Notes
Turn   | Place    | Note
-------+----------+-------------------------------------------
     0 | D:1      | inmateoo the Minotaur Fighter began the quest for the Orb.
     0 | D:1      | Reached XP level 1. HP: 19/19 MP: 0/0
   109 | D:1      | Reached XP level 2. HP: 27/27 MP: 1/1
   282 | D:1      | Found a faded altar of an unknown god.
   895 | D:2      | Reached skill level 1 in Dodging
   895 | D:2      | Reached XP level 3. HP: 33/33 MP: 2/2
   950 | D:2      | Noticed Natasha
   953 | D:2      | Found a hide-covered altar of Uskayaw.
   959 | D:2      | Killed Natasha
  1096 | D:2      | Noticed Natasha
  1103 | D:2      | Killed Natasha
  1104 | D:2      | Reached XP level 4. HP: 29/40 MP: 3/3
  1181 | D:2      | Noticed Natasha
  1188 | D:2      | Killed Natasha
  1593 | D:3      | Noticed Jessica
  1600 | D:3      | Killed Jessica
  1601 | D:3      | Reached XP level 5. HP: 44/47 MP: 4/4
  1765 | D:3      | Found a glowing drain.
  1783 | Sewer    | Entered a sewer
  1843 | Sewer    | Slain by a kobold brigand

Illustrated notes

Levels and vault maps discovered:
D:1:      dpeg_arrival_three_same_balls, layout_basic,
          hellmonk_ecumenical_altar_run_dry
D:2:      layout_basic, basic_altar, uniq_natasha
D:3:      layout_basic, cheibrodos_sewer_entry_bend, uniq_jessica
Sewer:    sewer_co_tree

Skill      XL: |  1  2  3  4  5 |
---------------+----------------+-----
Axes           | 3 4 |  4.6
Dodging        | 1 2 |  2.1
Fighting       | 4 |  4.5
Armour         | 4 |  4.3
Shields        | 4 |  4.4

Action                     |  1- 3 |  4- 6 || total
---------------------------+-------+-------++-------
  Melee: War axe           |    53 |    74 ||   127
         Headbutt          |     6 |     9 ||    15
 Armour: Scale mail        |    39 |    36 ||    75
  Dodge: Dodged            |    21 |    51 ||    72
  Block: Buckler           |    11 |    21 ||    32
